AoeStats
← Evan Mason

Black Forest

506365334Analyzed
4v4 RM · 20d ago on Sep 13, 2026· 50m 31s· 8 players
Game mode
Random Map
Map size
Large (8 player)
Population
200
Speed
Normal
Resources
Standard
Victory
Conquest
Starting age
Dark Age
Ending age
Imperial Age
RankedLock teamsTeams togetherTeam positionsShared explorationLock speedFull tech treeHidden civsTurbo modeCheats
Victory
Defeat
🇺🇸 Bohemians · United States
761
+8
🇺🇸 Lithuanians · United States
752
+8
🇩🇪 Persians · Germany
739
+9
🇬🇧 Bulgarians · United Kingdom
731
+9
🇨🇳 Burgundians · China
641
-11
🇷🇸 Teutons · Serbia
570
-9
🇩🇪 Vietnamese · Germany
535
-7
🇩🇪 Chinese · Germany
527
-7
Evan Mason
11:20 Feudal Age
11:56 Horse Collar
13:20 Heavy Plow
20:12 Loom
23:34 Castle Age
24:09 Double-Bit Axe
25:11 Crop Rotation
24:42 Gold Mining
25:52 Wheelbarrow
27:18 Hand Cart
28:15 Bow Saw
30:56 Two-Man Saw
32:46 Town Watch
35:35 Imperial Age
33:05 Stone Mining
33:36 Town Patrol
34:12 Burgundian Vineyards
38:11 Chemistry
39:32 Fortified Wall
Anderle922
1:02 Loom
13:06 Feudal Age
19:33 Fishing Lines
24:39 Castle Age
26:08 Caravan
25:43 Crossbowman
26:31 Thumb Ring
27:02 Gillnets
32:03 Great Wall
32:36 Fletching
32:48 Padded Archer Armor
32:59 Forging
34:17 Elite Skirmisher
38:12 Imperial Age
36:46 Ballistics
36:22 Murder Holes
36:41 Fortified Wall
36:44 Masonry
36:34 Gold Mining
36:34 Stone Mining
36:27 Horse Collar
36:39 Double-Bit Axe
36:55 Bodkin Arrow
37:17 Leather Archer Armor
37:39 Iron Casting
39:13 Wheelbarrow
38:24 Town Watch
38:25 Elite Chu Ko Nu
40:12 Chemistry
40:39 Pikeman
41:06 Arson
41:21 Squires
42:07 Conscription
42:14 Rocketry
44:19 Halberdier
45:36 Heavy Rocket Cart
48:18 Bracer
49:19 Blast Furnace
48:51 Ring Archer Armor
TO VICTORY!!!
17:06 Feudal Age
18:33 Horse Collar
20:05 Double-Bit Axe
22:25 Castle Age
23:37 Wheelbarrow
25:06 Hand Cart
28:58 Heavy Plow
30:53 Fortified Wall
34:49 Imperial Age
33:04 Forging
33:05 Scale Barding Armor
34:30 Iron Casting
34:16 Chain Barding Armor
34:13 Scale Mail Armor
34:17 Gold Mining
34:39 Town Watch
35:38 Chain Mail Armor
36:31 Blast Furnace
35:53 Caravan
35:23 Elite Teutonic Knight
36:34 Conscription
36:56 Plate Mail Armor
37:09 Masonry
39:42 Crop Rotation
40:09 Town Patrol
46:18 Squires
Caveman8.61
0:58 Loom
15:50 Feudal Age
17:22 Double-Bit Axe
17:19 Horse Collar
21:30 Gold Mining
21:31 Stone Mining
23:15 Wheelbarrow
22:26 Town Watch
25:45 Castle Age
25:35 Forging
25:27 Scale Mail Armor
27:41 Caravan
28:09 Hand Cart
28:35 Iron Casting
28:04 Heavy Plow
29:02 Town Patrol
31:12 Bow Saw
32:05 Stone Shaft Mining
31:56 Pikeman
37:38 Imperial Age
36:16 Squires
37:13 Chain Mail Armor
37:21 Ballistics
38:14 Fletching
38:25 Padded Archer Armor
37:58 Halberdier
38:02 Elite Fire Lancer
40:39 Two-Man Saw
40:16 Crop Rotation
42:06 Illumination
41:59 Block Printing
44:19 Theocracy
T.S | Mo
0:51 Loom
16:25 Feudal Age
17:30 Horse Collar
17:37 Double-Bit Axe
17:44 Gold Mining
17:46 Stone Mining
30:01 Castle Age
29:27 Wheelbarrow
29:06 Forging
29:01 Scale Barding Armor
31:19 Heavy Plow
31:31 Bow Saw
31:24 Caravan
37:01 Imperial Age
34:58 Fervor
35:27 Treadmill Crane
35:43 Murder Holes
35:58 Masonry
37:22 Stone Shaft Mining
36:29 Pikeman
37:09 Squires
36:30 Man-at-Arms
38:17 Conscription
39:12 Hand Cart
38:43 Town Watch
38:43 Cavalier
39:23 Husbandry
39:34 Bloodlines
40:20 Hoardings
40:23 Iron Casting
40:08 Chain Barding Armor
39:39 Fletching
39:49 Scale Mail Armor
40:29 Theocracy
39:49 Herbal Medicine
40:10 Block Printing
40:20 Illumination
40:16 Sanctity
40:22 Town Patrol
40:27 Paladin
45:15 Architecture
47:32 Elite Leitis
49:46 Long Swordsman
51:15 Redemption
ISpillTheCoffee
3:25 Loom
10:59 Feudal Age
18:22 Castle Age
18:43 Wheelbarrow
17:59 Horse Collar
18:46 Town Watch
19:16 Forging
19:13 Scale Barding Armor
19:25 Double-Bit Axe
19:57 Gold Mining
21:03 Stone Mining
23:26 Heavy Plow
24:24 Bow Saw
26:27 Iron Casting
27:16 Masonry
28:39 Stone Shaft Mining
28:05 Fishing Lines
29:00 Chain Barding Armor
30:11 Hand Cart
30:20 Husbandry
30:31 Bloodlines
35:38 Imperial Age
34:27 Stirrups
35:03 Gillnets
37:40 Blast Furnace
36:54 Caravan
38:37 Plate Barding Armor
37:54 Capped Ram
39:00 Conscription
40:10 Siege Engineers
iKalakamalaka
14:23 Feudal Age
13:56 Loom
16:51 Double-Bit Axe
16:56 Horse Collar
19:15 Wheelbarrow
23:24 Castle Age
24:22 Forging
24:13 Scale Mail Armor
24:22 Scale Barding Armor
24:08 Fletching
25:03 Bow Saw
25:05 Fishing Lines
28:16 Imperial Age
26:51 Gillnets
27:07 Caravan
28:40 Hand Cart
28:11 Town Watch
29:19 Padded Archer Armor
29:15 Bodkin Arrow
29:56 Iron Casting
29:37 Chain Mail Armor
29:43 Chain Barding Armor
31:54 Chemistry
32:51 Houfnice
34:13 Guilds
34:35 Arson
34:50 Squires
34:13 Pikeman
35:54 Town Patrol
39:06 Plate Mail Armor
38:24 Treadmill Crane
38:51 Siege Engineers
39:10 Bombard Tower
39:02 Masonry
39:04 Fortified Wall
38:52 Murder Holes
38:47 Arrowslits
41:27 Conscription
47:08 Halberdier
49:47 Heavy Plow
50:13 Ballistics
50:24 Architecture
50:05 Fortified Wall
49:45 Guard Tower
51:03 Blast Furnace
Lukbert Leichtsinn
0:29 Loom
12:20 Feudal Age
12:35 Horse Collar
12:45 Double-Bit Axe
17:20 Wheelbarrow
21:06 Castle Age
20:04 Scale Barding Armor
21:14 Stone Mining
21:16 Gold Mining
21:54 Forging
22:02 Bow Saw
22:12 Heavy Plow
23:10 Iron Casting
26:56 Stone Shaft Mining
27:39 Caravan
28:12 Chain Barding Armor
30:06 Gold Shaft Mining
32:27 Scale Mail Armor
32:31 Husbandry
32:42 Bloodlines
32:55 Hand Cart
32:55 Caravan
38:13 Imperial Age
36:00 Pikeman
36:41 Squires
36:26 Arson
38:06 Chain Mail Armor
39:01 Conscription
38:41 Arson
40:41 Crop Rotation
41:15 Two-Man Saw
41:34 Plate Barding Armor
41:55 Elite War Elephant
44:08 Blast Furnace
45:39 Halberdier
49:37 Plate Mail Armor
48:34 Cavalier
Connection lost

Rejoining the realm…

Still unreachable

The connection could not be restored.

Session expired

The server has moved on; the page needs a fresh start.